Workbook
Name ASIGNACIÓN: 'TABLAS VALORACIÓN'!$H$27:$H$28
Name CLASE: 'TABLAS VALORACIÓN'!$C$27:$C$28
Name ETAPA: 'TABLAS VALORACIÓN'!#REF!
Name FUENTE: 'TABLAS VALORACIÓN'!$D$27:$D$28
Name IMPACTO: 'TABLAS VALORACIÓN'!$G$27:$G$31
Name PROBABILIDAD: 'TABLAS VALORACIÓN'!$F$27:$F$31
Name TIPO: 'TABLAS VALORACIÓN'!#REF!

Sheet ANEXO RIESGOS
A2: Denominación del bien o servicio | F2: Modalidad Generaciones "Sacúdete" - Étnicos (Generaciones Étnicas con Bienestar Adolescentes y Jóvenes) | V2: Anexo # | W2: 1
V3: Fecha | W3: 44613
A4: Elaborado de conformidad con la metodología propuesta por la Agencia Nacional para la Contratación Pública – Colombia Compra Eficiente, detallada en el “Manual para la Identificación y Cobertura del Riesgo en los Proceso de Contratación", fuente: http://www.colombiacompra.gov.co/es/manuales-y-documentos-tipo, disponible en internet, fecha de consulta 23 de enero de 2016.
A5: No. | B5: Clase | C5: Fuente | D5: Etapa | E5: Tipo | F5: Descripción (Qué puede pasar y, cómo puede ocurrir) | G5: Consecuencia de la ocurrencia del evento | H5: Probabilidad | I5: Impacto | J5: Valoración del riesgo | K5: Categoría | L5: ¿A quién se le asigna? | M5: Tratamiento/Controles a ser implementados | N5: Impacto después del tratamiento | R5: ¿Afecta la ejecución del contrato? | S5: Responsable por implementar el tratamiento | T5: A partir de cuando se inicia el tratamiento | U5: Cuando se completa el tratamiento | V5: Monitoreo y revisión
N6: Probabilidad | O6: Impacto | P6: Valoración del riesgo | Q6: Categoría | V6: ¿Cómo se realiza el monitoreo? | W6: Periodicidad
A7: 1 | B7: Específico | C7: Interno | D7: Planeación | E7: Riesgos Operacionales | F7: Después de socializada la Modalidad, la comunidad focalizada no acepta la implementación de la misma | G7: Se retrasa el inicio de ejecución del contrato y se puede afectar el logro de los objetivos y la necesidad que se pretende cubrir. | H7: 4=Probable | I7: 2= Menor | J7: =IFERROR(MID(H7,1,1)+MID(I7,1,1),"") -> 6 | K7: =IF(J7="","",IF(OR(J7=2,J7=3,J7=4),'TABLAS VALORACIÓN'!$Y$19,IF(J7=5,'TABLAS VALORACIÓN'!$Y$18,IF(OR(J7=6,J7=7),'TABLAS VALORACIÓN'!$Y$17,IF(OR(J7=8,J7=9,J7=10),'TABLAS VALORACIÓN'!$Y$16))))) -> Riesgo Alto | L7: ICBF | M7: El ICBF debe agotar las negociaciones y socilizaciones con la comunidad y autoridades competentes para persuadirlos de la importancia de la implementación del mismo en el territorio. Agotadas las instancias se deberá proceder a la refocalización. | N7: 1=Raro | O7: 2= Menor | P7: =IFERROR(MID(N7,1,1)+MID(O7,1,1),"") -> 3 | Q7: =IF(P7="","",IF(OR(P7=2,P7=3,P7=4),'TABLAS VALORACIÓN'!$Y$19,IF(P7=5,'TABLAS VALORACIÓN'!$Y$18,IF(OR(P7=6,P7=7),'TABLAS VALORACIÓN'!$Y$17,IF(OR(P7=8,P7=9,P7=10),'TABLAS VALORACIÓN'!$Y$16))))) -> Riesgo Bajo | R7: Sí | S7: ICBF | T7: En el momento de la afectación | U7: Al tener acta de acpetación de la modalidad | V7: Acta de aceptación de la comunidad focalizada | W7: Diario
A8: 2 | B8: General | C8: Interno | D8: Selección | E8: Riesgos Operacionales | F8: Las organizaciones del territorio no cumplen con la totalidad de requisitos para la prestación del servicio | G8: Se retrasa el inicio de ejecución del contrato y se puede afectar el logro de los objetivos y la necesidad que se pretende cubrir. | H8: 3=Posible | I8: 3= Moderado | J8: =IFERROR(MID(H8,1,1)+MID(I8,1,1),"") -> 6 | K8: =IF(J8="","",IF(OR(J8=2,J8=3,J8=4),'TABLAS VALORACIÓN'!$Y$19,IF(J8=5,'TABLAS VALORACIÓN'!$Y$18,IF(OR(J8=6,J8=7),'TABLAS VALORACIÓN'!$Y$17,IF(OR(J8=8,J8=9,J8=10),'TABLAS VALORACIÓN'!$Y$16))))) -> Riesgo Alto | L8: ICBF | M8: Convocatoria a nuevos oferentes | N8: 2=Improbable | O8: 2= Menor | P8: =IFERROR(MID(N8,1,1)+MID(O8,1,1),"") -> 4 | Q8: =IF(P8="","",IF(OR(P8=2,P8=3,P8=4),'TABLAS VALORACIÓN'!$Y$19,IF(P8=5,'TABLAS VALORACIÓN'!$Y$18,IF(OR(P8=6,P8=7),'TABLAS VALORACIÓN'!$Y$17,IF(OR(P8=8,P8=9,P8=10),'TABLAS VALORACIÓN'!$Y$16))))) -> Riesgo Bajo | R8: Sí | S8: ICBF | T8: En el momento de la afectación | U8: Al suscribrir el contrato | V8: Revisando el cronograma propuesto para el proceso | W8: Semanal
A9: 3 | B9: General | C9: Interno | D9: Contratación | E9: Riesgos Operacionales | F9: Las organizaciones no firman el contrato en el plazo previsto. | G9: Se retrasa el inicio de ejecución del contrato y se puede afectar el logro de los objetivos y la necesidad que se pretende cubrir con el contrato que se celebra, lo cual es responsabilidad del contratista. | H9: 3=Posible | I9: 3= Moderado | J9: =IFERROR(MID(H9,1,1)+MID(I9,1,1),"") -> 6 | K9: =IF(J9="","",IF(OR(J9=2,J9=3,J9=4),'TABLAS VALORACIÓN'!$Y$19,IF(J9=5,'TABLAS VALORACIÓN'!$Y$18,IF(OR(J9=6,J9=7),'TABLAS VALORACIÓN'!$Y$17,IF(OR(J9=8,J9=9,J9=10),'TABLAS VALORACIÓN'!$Y$16))))) -> Riesgo Alto | L9: ICBF | M9: Ajustar el cronograma de implementación del Programa. | N9: 2=Improbable | O9: 3= Moderado | P9: =IFERROR(MID(N9,1,1)+MID(O9,1,1),"") -> 5 | Q9: =IF(P9="","",IF(OR(P9=2,P9=3,P9=4),'TABLAS VALORACIÓN'!$Y$19,IF(P9=5,'TABLAS VALORACIÓN'!$Y$18,IF(OR(P9=6,P9=7),'TABLAS VALORACIÓN'!$Y$17,IF(OR(P9=8,P9=9,P9=10),'TABLAS VALORACIÓN'!$Y$16))))) -> Riesgo Medio | R9: Sí | S9: ICBF-Contratista | T9: Un mes antes de que se firme el contrato | U9: Semana anterior a la firma del contrato | V9: Revisando el cronograma propuesto para el proceso | W9: Semanal
A10: 4 | B10: General | C10: Externo | D10: Ejecución | E10: Regulatorio | F10: Modificaciones del régimen tributario que implique afectación a la ejecución del contrato | G10: Desequilibrio de la ecuación contractual | H10: 1=Raro | I10: 2= Menor | J10: =IFERROR(MID(H10,1,1)+MID(I10,1,1),"") -> 3 | K10: =IF(J10="","",IF(OR(J10=2,J10=3,J10=4),'TABLAS VALORACIÓN'!$Y$19,IF(J10=5,'TABLAS VALORACIÓN'!$Y$18,IF(OR(J10=6,J10=7),'TABLAS VALORACIÓN'!$Y$17,IF(OR(J10=8,J10=9,J10=10),'TABLAS VALORACIÓN'!$Y$16))))) -> Riesgo Bajo | L10: ICBF- Operador | M10: Reducir las consecuencias a través de planes de contingencia | N10: 1=Raro | O10: 1= Insignificante | P10: =IFERROR(MID(N10,1,1)+MID(O10,1,1),"") -> 2 | Q10: =IF(P10="","",IF(OR(P10=2,P10=3,P10=4),'TABLAS VALORACIÓN'!$Y$19,IF(P10=5,'TABLAS VALORACIÓN'!$Y$18,IF(OR(P10=6,P10=7),'TABLAS VALORACIÓN'!$Y$17,IF(OR(P10=8,P10=9,P10=10),'TABLAS VALORACIÓN'!$Y$16))))) -> Riesgo Bajo | R10: Sí | S10: ICBF-Contratista | T10: Inicio del contrato | U10: Final del contrato | V10: Reuniones de seguimiento | W10: Mensual
A11: 5 | B11: General | C11: Interno | D11: Ejecución | E11: Riesgos Financieros | F11: Demoras en las aprobaciones de los informes o productos presentados por el contrato. | G11: Se afecta el cumplimiento de las obligaciones del ICBF a cargo de la supervisión del contrato y puede causar retraso en los desembolsos a favor de la organización contratista. | H11: 2=Improbable | I11: 3= Moderado | J11: =IFERROR(MID(H11,1,1)+MID(I11,1,1),"") -> 5 | K11: =IF(J11="","",IF(OR(J11=2,J11=3,J11=4),'TABLAS VALORACIÓN'!$Y$19,IF(J11=5,'TABLAS VALORACIÓN'!$Y$18,IF(OR(J11=6,J11=7),'TABLAS VALORACIÓN'!$Y$17,IF(OR(J11=8,J11=9,J11=10),'TABLAS VALORACIÓN'!$Y$16))))) -> Riesgo Medio | L11: ICBF | M11: Ajustar el cronograma de desembolsos. | N11: 2=Improbable | O11: 2= Menor | P11: =IFERROR(MID(N11,1,1)+MID(O11,1,1),"") -> 4 | Q11: =IF(P11="","",IF(OR(P11=2,P11=3,P11=4),'TABLAS VALORACIÓN'!$Y$19,IF(P11=5,'TABLAS VALORACIÓN'!$Y$18,IF(OR(P11=6,P11=7),'TABLAS VALORACIÓN'!$Y$17,IF(OR(P11=8,P11=9,P11=10),'TABLAS VALORACIÓN'!$Y$16))))) -> Riesgo Bajo | R11: Sí | S11: ICBF | T11: Inicio del contrato | U11: Final del contrato | V11: Revisión del cronograma de desembolsos. | W11: Mensual
A12: 6 | B12: Específico | C12: Interno | D12: Ejecución | E12: Riesgos Operacionales | F12: El no desembolso oportuno por parte del ICBF, según condiciones del contrato | G12: Retraso de la operación | H12: 1=Raro | I12: 3= Moderado | J12: =IFERROR(MID(H12,1,1)+MID(I12,1,1),"") -> 4 | K12: =IF(J12="","",IF(OR(J12=2,J12=3,J12=4),'TABLAS VALORACIÓN'!$Y$19,IF(J12=5,'TABLAS VALORACIÓN'!$Y$18,IF(OR(J12=6,J12=7),'TABLAS VALORACIÓN'!$Y$17,IF(OR(J12=8,J12=9,J12=10),'TABLAS VALORACIÓN'!$Y$16))))) -> Riesgo Bajo | L12: ICBF | M12: Construcción de un cronograma de pagos | N12: 1=Raro | O12: 2= Menor | P12: =IFERROR(MID(N12,1,1)+MID(O12,1,1),"") -> 3 | Q12: =IF(P12="","",IF(OR(P12=2,P12=3,P12=4),'TABLAS VALORACIÓN'!$Y$19,IF(P12=5,'TABLAS VALORACIÓN'!$Y$18,IF(OR(P12=6,P12=7),'TABLAS VALORACIÓN'!$Y$17,IF(OR(P12=8,P12=9,P12=10),'TABLAS VALORACIÓN'!$Y$16))))) -> Riesgo Bajo | R12: Sí | S12: ICBF | T12: Inicio del contrato | U12: Final del contrato | V12: Seguimiento al cronograma de pagos | W12: Mensual
A13: 7 | B13: Específico | C13: Interno | D13: Ejecución | E13: Riesgos Operacionales | F13: La cantidad de asistentes supera el estimado para cada uno o más de los municipios focalizados en el presente contrato. | G13: El operador bajo su cuenta y riesgo asumirá los costos adicionales que surjan por el exceso de aforo al establecido en el contrato. | H13: 3=Posible | I13: 3= Moderado | J13: =IFERROR(MID(H13,1,1)+MID(I13,1,1),"") -> 6 | K13: =IF(J13="","",IF(OR(J13=2,J13=3,J13=4),'TABLAS VALORACIÓN'!$Y$19,IF(J13=5,'TABLAS VALORACIÓN'!$Y$18,IF(OR(J13=6,J13=7),'TABLAS VALORACIÓN'!$Y$17,IF(OR(J13=8,J13=9,J13=10),'TABLAS VALORACIÓN'!$Y$16))))) -> Riesgo Alto | L13: Contratista | M13: Elaborar planes de contingencia, que sustenten la posibilidad de redistribuir el número de participantes entre los municipios focalizados, para garantizar que no se supere el total estimado de participantes para el contrato controlando la asistencia de los participantes sin superar el aforo permitido teniendo en cuenta las orientaciones, lineamientos y docuemnetos vinculantes brindados y suscritos con el ICBF. | N13: 1=Raro | O13: 3= Moderado | P13: =IFERROR(MID(N13,1,1)+MID(O13,1,1),"") -> 4 | Q13: =IF(P13="","",IF(OR(P13=2,P13=3,P13=4),'TABLAS VALORACIÓN'!$Y$19,IF(P13=5,'TABLAS VALORACIÓN'!$Y$18,IF(OR(P13=6,P13=7),'TABLAS VALORACIÓN'!$Y$17,IF(OR(P13=8,P13=9,P13=10),'TABLAS VALORACIÓN'!$Y$16))))) -> Riesgo Bajo | R13: Sí | S13: Contratista | T13: Inicio del contrato | U13: Final del contrato | V13: En la presentación de novedades de la organización en los respectivos Comités Técnicos. | W13: Comités Técnicos
A14: 8 | B14: Específico | C14: Externo | D14: Ejecución | E14: Riesgos Operacionales | F14: La organización contratista no logra encontrar la cantidad de adolescentes y jóvenes focalizados para desarrollar el contrato suscrito. | G14: Retrasos en el cronograma de ejecución de las actividades. | H14: 4=Probable | I14: 3= Moderado | J14: =IFERROR(MID(H14,1,1)+MID(I14,1,1),"") -> 7 | K14: =IF(J14="","",IF(OR(J14=2,J14=3,J14=4),'TABLAS VALORACIÓN'!$Y$19,IF(J14=5,'TABLAS VALORACIÓN'!$Y$18,IF(OR(J14=6,J14=7),'TABLAS VALORACIÓN'!$Y$17,IF(OR(J14=8,J14=9,J14=10),'TABLAS VALORACIÓN'!$Y$16))))) -> Riesgo Alto | L14: Contratista | M14: La organización contrarista debe refocalizar la población y realizar la búsqueda activa, previa aprobación de la supervisión del contrato. | N14: 1=Raro | O14: 3= Moderado | P14: =IFERROR(MID(N14,1,1)+MID(O14,1,1),"") -> 4 | Q14: =IF(P14="","",IF(OR(P14=2,P14=3,P14=4),'TABLAS VALORACIÓN'!$Y$19,IF(P14=5,'TABLAS VALORACIÓN'!$Y$18,IF(OR(P14=6,P14=7),'TABLAS VALORACIÓN'!$Y$17,IF(OR(P14=8,P14=9,P14=10),'TABLAS VALORACIÓN'!$Y$16))))) -> Riesgo Bajo | R14: Sí | S14: Contratista | T14: Inicio del contrato | U14: Final del contrato | V14: En la presentación de novedades de la organización en los respectivos Comités Técnicos. | W14: Comités Técnicos
A15: 9 | B15: Específico | C15: Externo | D15: Ejecución | E15: Riesgos Operacionales | F15: Deserción de los adolescentes y jóvenes participantes. | G15: Retrasos en el cronograma de ejecución de las actividades. Los adolescentes y jóvene participantes no terminan su proceso en el programa. | H15: 3=Posible | I15: 3= Moderado | J15: =IFERROR(MID(H15,1,1)+MID(I15,1,1),"") -> 6 | K15: =IF(J15="","",IF(OR(J15=2,J15=3,J15=4),'TABLAS VALORACIÓN'!$Y$19,IF(J15=5,'TABLAS VALORACIÓN'!$Y$18,IF(OR(J15=6,J15=7),'TABLAS VALORACIÓN'!$Y$17,IF(OR(J15=8,J15=9,J15=10),'TABLAS VALORACIÓN'!$Y$16))))) -> Riesgo Alto | L15: Contratista | M15: La organización contrarista debe tener una estrategia para persuadir a los participantes o realizar búsqueda activa de nuevos participantes. | N15: 3=Posible | O15: 2= Menor | P15: =IFERROR(MID(N15,1,1)+MID(O15,1,1),"") -> 5 | Q15: =IF(P15="","",IF(OR(P15=2,P15=3,P15=4),'TABLAS VALORACIÓN'!$Y$19,IF(P15=5,'TABLAS VALORACIÓN'!$Y$18,IF(OR(P15=6,P15=7),'TABLAS VALORACIÓN'!$Y$17,IF(OR(P15=8,P15=9,P15=10),'TABLAS VALORACIÓN'!$Y$16))))) -> Riesgo Medio | R15: Sí | S15: Contratista | T15: Inicio del contrato | U15: Final del contrato | V15: En la presentación de novedades de la organización en los respectivos Comités Técnicos. | W15: Comités Técnicos | X15: =IF(I15="Insignificante",1,IF(I15="Menor",2,IF(I15="Moderado",3,IF(I15="Mayor",4,IF(I15="Catastrófico",5,""))))) | Y15: =IF(N15="Raro",1,IF(N15="Improbable",2,IF(N15="Posible",3,IF(N15="Probable",4,IF(N15="casi cierto",5,""))))) | Z15: =IF(O15="Insignificante",1,IF(O15="Menor",2,IF(O15="Moderado",3,IF(O15="Mayor",4,IF(O15="Catastrófico",5,"")))))
A16: 10 | B16: Específico | C16: Interno | D16: Ejecución | E16: Riesgos Financieros | F16: La organización no realiza el pago oportunamente de: honorarios al talento humano contratado o proveedores que apoyan la prestacion del servicio . | G16: Incumplimiento y/o atraso en la ejecución del Programa y renuncia del Talento humano afectado. | H16: 3=Posible | I16: 4= Mayor | J16: =IFERROR(MID(H16,1,1)+MID(I16,1,1),"") -> 7 | K16: =IF(J16="","",IF(OR(J16=2,J16=3,J16=4),'TABLAS VALORACIÓN'!$Y$19,IF(J16=5,'TABLAS VALORACIÓN'!$Y$18,IF(OR(J16=6,J16=7),'TABLAS VALORACIÓN'!$Y$17,IF(OR(J16=8,J16=9,J16=10),'TABLAS VALORACIÓN'!$Y$16))))) -> Riesgo Alto | L16: Contratista | M16: La organización contrarista debe estar en capacidad financiera para solucionar los contratiempos que se presenten frente a este riesgo. | N16: 2=Improbable | O16: 3= Moderado | P16: =IFERROR(MID(N16,1,1)+MID(O16,1,1),"") -> 5 | Q16: =IF(P16="","",IF(OR(P16=2,P16=3,P16=4),'TABLAS VALORACIÓN'!$Y$19,IF(P16=5,'TABLAS VALORACIÓN'!$Y$18,IF(OR(P16=6,P16=7),'TABLAS VALORACIÓN'!$Y$17,IF(OR(P16=8,P16=9,P16=10),'TABLAS VALORACIÓN'!$Y$16))))) -> Riesgo Medio | R16: Sí | S16: Contratista | T16: Inicio del contrato | U16: Final del contrato | V16: Seguimiento a los pagos realizados por parte de la organización al talento humano contratado | W16: Comités Técnicos
A17: 11 | B17: Específico | C17: Externo | D17: Ejecución | E17: Riesgos Operacionales | F17: Uno o más participantes se retiran de la Modalidad, después de la entrega de los materiales o insumos para el desarrollo del Programa. | G17: Afecta el rubro o gasto destinado para los materiales. | H17: 4=Probable | I17: 3= Moderado | J17: =IFERROR(MID(H17,1,1)+MID(I17,1,1),"") -> 7 | K17: =IF(J17="","",IF(OR(J17=2,J17=3,J17=4),'TABLAS VALORACIÓN'!$Y$19,IF(J17=5,'TABLAS VALORACIÓN'!$Y$18,IF(OR(J17=6,J17=7),'TABLAS VALORACIÓN'!$Y$17,IF(OR(J17=8,J17=9,J17=10),'TABLAS VALORACIÓN'!$Y$16))))) -> Riesgo Alto | L17: Contratista | M17: La organización contrarista debe mitigar el riesgo con las estrategias que considere necesarias para solucionar los contratiempos que se presenten frente a este riesgo. | N17: 3=Posible | O17: 3= Moderado | P17: =IFERROR(MID(N17,1,1)+MID(O17,1,1),"") -> 6 | Q17: =IF(P17="","",IF(OR(P17=2,P17=3,P17=4),'TABLAS VALORACIÓN'!$Y$19,IF(P17=5,'TABLAS VALORACIÓN'!$Y$18,IF(OR(P17=6,P17=7),'TABLAS VALORACIÓN'!$Y$17,IF(OR(P17=8,P17=9,P17=10),'TABLAS VALORACIÓN'!$Y$16))))) -> Riesgo Alto | R17: Sí | S17: Contratista | T17: Inicio del contrato | U17: Final del contrato | V17: Verificando listados de asistencia, segumiento y visitas a sesiones y actividades programadas. | W17: Mensual y Comité Técnico
A18: 12 | B18: Específico | C18: Interno | D18: Ejecución | E18: Riesgos Operacionales | F18: Retiro o terminación del contrato de uno o más del personal contratado por la organización. | G18: Afecta la implemetación del Programa en territorio y retraso en cronogramas de las actividades. | H18: 3=Posible | I18: 4= Mayor | J18: =IFERROR(MID(H18,1,1)+MID(I18,1,1),"") -> 7 | K18: =IF(J18="","",IF(OR(J18=2,J18=3,J18=4),'TABLAS VALORACIÓN'!$Y$19,IF(J18=5,'TABLAS VALORACIÓN'!$Y$18,IF(OR(J18=6,J18=7),'TABLAS VALORACIÓN'!$Y$17,IF(OR(J18=8,J18=9,J18=10),'TABLAS VALORACIÓN'!$Y$16))))) -> Riesgo Alto | L18: Contratista | M18: La organización contrarista debe garantizar la contratación del Talento Humano faltante según los perfiles requeridos. | N18: 2=Improbable | O18: 2= Menor | P18: =IFERROR(MID(N18,1,1)+MID(O18,1,1),"") -> 4 | Q18: =IF(P18="","",IF(OR(P18=2,P18=3,P18=4),'TABLAS VALORACIÓN'!$Y$19,IF(P18=5,'TABLAS VALORACIÓN'!$Y$18,IF(OR(P18=6,P18=7),'TABLAS VALORACIÓN'!$Y$17,IF(OR(P18=8,P18=9,P18=10),'TABLAS VALORACIÓN'!$Y$16))))) -> Riesgo Bajo | R18: Sí | S18: Contratista | T18: Inicio del contrato | U18: Final del contrato | V18: Aprobando las hojas de vida del talento humano por parte de la supervisón del contrato | W18: Comité Técnico
A19: 13 | B19: General | C19: Externo | D19: Ejecución | E19: Riesgos de la Naturaleza | F19: La organización contrarista encuentra dificultades para la implementación, a causa de eventos naturales de dichos territorios. | G19: Afecta la implemetación del Programa en territorio y retraso en cronogramas de las actividades. | H19: 2=Improbable | I19: 4= Mayor | J19: =IFERROR(MID(H19,1,1)+MID(I19,1,1),"") -> 6 | K19: =IF(J19="","",IF(OR(J19=2,J19=3,J19=4),'TABLAS VALORACIÓN'!$Y$19,IF(J19=5,'TABLAS VALORACIÓN'!$Y$18,IF(OR(J19=6,J19=7),'TABLAS VALORACIÓN'!$Y$17,IF(OR(J19=8,J19=9,J19=10),'TABLAS VALORACIÓN'!$Y$16))))) -> Riesgo Alto | L19: ICBF | M19: La organización contrarista junto con el ICBF deben contemplar y estructurar un plan de contigencia frente a casos de emergencia y debe refocalizar municipios y participantes. | N19: 1=Raro | O19: 3= Moderado | P19: =IFERROR(MID(N19,1,1)+MID(O19,1,1),"") -> 4 | Q19: =IF(P19="","",IF(OR(P19=2,P19=3,P19=4),'TABLAS VALORACIÓN'!$Y$19,IF(P19=5,'TABLAS VALORACIÓN'!$Y$18,IF(OR(P19=6,P19=7),'TABLAS VALORACIÓN'!$Y$17,IF(OR(P19=8,P19=9,P19=10),'TABLAS VALORACIÓN'!$Y$16))))) -> Riesgo Bajo | R19: Sí | S19: ICBF | T19: En el momento de la afectación | U19: Al término del cumplimiento | V19: Verificando que cumplan con lo estipulado en el Manual Operativo respecto al proceso de focalización | W19: Semanal
A20: 14 | B20: General | C20: Externo | D20: Ejecución | E20: Riesgos Sociales o Políticos | F20: La organización encuentra dificultades para la implementación, a causa de eventos de orden público en dichos territorios. | G20: Afecta la implemetación del Programa en territorio y retraso en cronogramas de las actividades. | H20: 3=Posible | I20: 4= Mayor | J20: =IFERROR(MID(H20,1,1)+MID(I20,1,1),"") -> 7 | K20: =IF(J20="","",IF(OR(J20=2,J20=3,J20=4),'TABLAS VALORACIÓN'!$Y$19,IF(J20=5,'TABLAS VALORACIÓN'!$Y$18,IF(OR(J20=6,J20=7),'TABLAS VALORACIÓN'!$Y$17,IF(OR(J20=8,J20=9,J20=10),'TABLAS VALORACIÓN'!$Y$16))))) -> Riesgo Alto | L20: ICBF-Contratista | M20: La organización contratista debe buscar lugares alternos para implementar el Programa socializarlos con la supervisión y que la misma los avale, así como garantizar la asistencia de los y las adolescentes y jóvenes participantes. | N20: 3=Posible | O20: 3= Moderado | P20: =IFERROR(MID(N20,1,1)+MID(O20,1,1),"") -> 6 | Q20: =IF(P20="","",IF(OR(P20=2,P20=3,P20=4),'TABLAS VALORACIÓN'!$Y$19,IF(P20=5,'TABLAS VALORACIÓN'!$Y$18,IF(OR(P20=6,P20=7),'TABLAS VALORACIÓN'!$Y$17,IF(OR(P20=8,P20=9,P20=10),'TABLAS VALORACIÓN'!$Y$16))))) -> Riesgo Alto | R20: Sí | S20: ICBF-Contratista | T20: En el momento de la afectación | U20: Al término del cumplimiento | V20: Verificando la implementación del Programa en los espacios seleccionados. | W20: Hasta que se subsane la situación
A21: 15 | B21: General | C21: Interno | D21: Ejecución | E21: Riesgos Regulatorios | F21: La organización no se presenta a suscribir o no llega a un mutuo acuerdo con el contratante, cuando se le requiere para suscribir el acta de liquidación del contrato, en los casos que sean necesarios. | G21: No se puede liquidar el contrato de mutuo acuerdo. | H21: 1=Raro | I21: 3= Moderado | J21: =IFERROR(MID(H21,1,1)+MID(I21,1,1),"") -> 4 | K21: =IF(J21="","",IF(OR(J21=2,J21=3,J21=4),'TABLAS VALORACIÓN'!$Y$19,IF(J21=5,'TABLAS VALORACIÓN'!$Y$18,IF(OR(J21=6,J21=7),'TABLAS VALORACIÓN'!$Y$17,IF(OR(J21=8,J21=9,J21=10),'TABLAS VALORACIÓN'!$Y$16))))) -> Riesgo Bajo | L21: ICBF | M21: Se debe tramitar la liquidación, haciendo todo lo necesario para que la organización contrarista suscriba y de no ser viable, proceder con la liquidación unilateral del contrato. | N21: 2=Improbable | O21: 1= Insignificante | P21: =IFERROR(MID(N21,1,1)+MID(O21,1,1),"") -> 3 | Q21: =IF(P21="","",IF(OR(P21=2,P21=3,P21=4),'TABLAS VALORACIÓN'!$Y$19,IF(P21=5,'TABLAS VALORACIÓN'!$Y$18,IF(OR(P21=6,P21=7),'TABLAS VALORACIÓN'!$Y$17,IF(OR(P21=8,P21=9,P21=10),'TABLAS VALORACIÓN'!$Y$16))))) -> Riesgo Bajo | R21: Sí | S21: ICBF-Contratista | T21: Un mes antes de que finalice el contrato | U21: Hasta realizada la liquidación. | V21: Comunicación directa con la organización. | W21: Semanal
A22: Antes de imprimir este documento… piense en el medio ambiente! Cualquier copia impresa de este documento se considera como COPIA NO CONTROLADA.

Sheet TABLAS VALORACIÓN
A1: TABLAS PARA VALORACIÓN DE RIESGO SEGÚN METODOLOGÍA CCE - No imprimir
B3: Clase del Riesgo | C3: Descripción | F3: Etapa del proceso | G3: Desde | H3: Hasta | I3: Descrición | N3: Tipo de riesgo | O3: Descripción
B4: General | C4: es un Riesgo de todos los Procesos de Contratación adelantados por la Entidad Estatal, por lo cual está presente en toda su actividad contractual. | F4: Planeación | G4: Plan anual de adquisición | H4: Acto de Apertura del Proceso de Contratación | I4: Durante esta estapa, la Entidad elabora los estudios previos y el proyecto de pliegos de condiciones o sus equivalentes. Dentro de las preguntas que la Entidad Estatal debe hacerse para identificar los Riesgos de la etapa de planeación se encuentran las siguientes: (i) La modalidad de contratación es adecuada para el bien servicio u obra necesitado. (ii) Los requisitos habilitantes son los apropiados para el Proceso de Contratación y es posible encontrar proponentes que los cumplan incluyendo los Riesgos relacionados con la habilidad para determinar requisitos habilitantes consistentes con el Proceso de Contratación y con el sector económico en el que actúan los posibles oferentes. (iii) El valor del contrato corresponde a los precios del mercado. (iv) La descripción del bien o servicio requerido es claro. (v) El Proceso de Contratación cuenta con las condiciones que garanticen la transparencia, equidad y competencia entre los proponentes. (vi) El estudio de mercado permite identificar los aspectos de oferta y demanda del mercado respectivo. (vii) El diseño del Proceso de Contratación permite satisfacer las necesidades de la Entidad Estatal, cumplir su misión y si es coherente con el cumplimiento de sus objetivos y metas. | N4: Riesgos Económicos: | O4: son los derivados del comportamiento del mercado, tales como la fluctuación de los precios de los insumos, desabastecimiento y especulación de los mismos, entre otros.
B5: Específico | C5: es un Riesgo propio del Proceso de Contratación objeto de análisis. | N5: Riesgos Sociales o Políticos | O5: son los derivados de los cambios de las políticas gubernamentales y de cambios en las condiciones sociales que tengan impacto en la ejecución del contrato.
N6: Riesgos Operacionales | O6: son los asociados a la operatividad del contrato, tales como la suficiencia del presupuesto oficial, del plazo o los derivados de procesos, procedimientos, parámetros, sistemas de información y tecnológicos, equipos humanos o técnicos inadecuados o insuficientes.
B7: Fuente del Riesgo | C7: Descripción | F7: Selección | G7: Acto de Apertura del Proceso de Contratación | H7: Adjudicación o la declaración de desierto del Proceso de Contratación | I7: En la etapa de selección la Entidad Estatal selecciona al contratista. En esta etapa los Riesgos frecuentes son los siguientes: (i) Falta de capacidad de la Entidad Estatal para promover y adelantar la selección del contratista, incluyendo el riesgo de seleccionar aquellos que no cumplan con la totalidad de los requisitos habilitantes o se encuentren incursos en alguna inhabilidad o incompatibilidad. (ii) Riesgo de colusión. (iii) Riesgo de ofertas artificialmente bajas. | N7: Riesgos Financieros: | O7: son (i) el riesgo de consecución de financiación o riesgo de liquidez para obtener recursos para cumplir con el objeto del contrato, y (ii) el riesgo de las condiciones financieras establecidas para la obtención de los recursos, tales como plazos, tasas, garantías, contragarantías, y refinanciaciones, entre otros.
B8: Interno | C8: es un Riesgo asociado a la operación, capacidad, o situación particular de la Entidad Estatal (reputacional, tecnológico). | F8: Contratación | G8: Adjudicación del contrato objeto del proceso de contratación | H8: Perfeccionamiento | I8: En esta etapa los Riesgos frecuentes son los siguientes: (i) Riesgo de que no se firme el contrato. (ii) Riesgo de que no se presenten las garantías requeridas en los Documentos del Proceso de Contratación o que su presentación sea tardía. (iii) Riesgos asociados al incumplimiento de la publicación o el registro presupuestal del contrato. (iv) Riesgos asociados a los reclamos de terceros sobre la selección del oferente que retrasen el perfeccionamiento del contrato. | N8: Riesgos Regulatorios | O8: derivados de cambios regulatorios o reglamentarios que afecten la ecuación económica del contrato.
B9: Externo | C9: es un Riesgo del sector del objeto del Proceso de Contratación, o asociado a asuntos no referidos a la Entidad Estatal (desastres económicos, existencia de monopolios, circunstancias electorales). | F9: Ejecución | G9: Perfeccionamiento | H9: Vencimiento del plazo o acta de liquidación | I9: Esta etapa puede extenderse cuando hay lugar a garantías de calidad, estabilidad y mantenimiento, o a condiciones de disposición final o recuperación ambiental de las obras o bienes. En esta etapa se cumplen con las obligaciones previstas en el contrato, permitiendo el logro del objeto del Proceso de Contratación; en consecuencia los Riesgos frecuentes son los asociados al cumplimiento del contrato y el logro del objeto propuesto, el rompimiento del equilibrio económico del contrato, los asociados a la liquidación y terminación del contrato y aquellos relacionados con el incumplimiento de la normativa posconsumo. | N9: Riesgos de la Naturaleza: | O9: son los eventos naturales previsibles en los cuales no hay intervención humana que puedan tener impacto en la ejecución del contrato, por ejemplo los temblores, inundaciones, lluvias, sequías, entre otros.
N10: Riesgos Ambientales: | O10: son los derivados de las obligaciones legales o reglamentarias de carácter ambiental, así como de las licencias, planes de manejo o de permisos y autorizaciones ambientales, incluyendo tasas retributivas y compensatorias, obligaciones de mitigación, tareas de monitoreo y control, entre otras.
N12: Riesgos Tecnológicos: | O12: son los derivados de fallas en los sistemas de comunicación de voz y de datos, suspensión de servicios públicos, nuevos desarrollos tecnológicos o estándares que deben ser tenidos en cuenta para la ejecución del contrato, obsolescencia tecnológica
C14: Probabilidad del Riesgo | F14: Impacto del riesgo | O14: Impacto | X14: Categoría del riesgo
C15: Categoría | D15: Valoración | F15: Impacto | O15: Clasificación Cualitativa | Q15: Obstruye la ejecución del contrato de manera intrascendente. | R15: Dificulta la ejecución del contrato de manera baja. Aplicando medidas mínimas se puede lograr el objeto contractual. | S15: Afecta la ejecución del contrato sin alterar el beneficio de las partes. | T15: Obstruye la ejecución del contrato sustancialmente per aun así permite la consecución del objeto contractual. | U15: Perturba la ejecución del contrato de manera grave imposibilitando la consecución del objeto contractual. | X15: Valoración del riesgo | Y15: Categoría
B16: Probabilidad | C16: Raro (puede ocurrir excepcionalmente) | D16: 1 | F16: Clasificación Cualitativa | H16: Obstruye la ejecución del contrato de manera intrascendente. | I16: Dificulta la ejecución del contrato de manera baja. Aplicando medidas mínimas se puede lograr el objeto contractual. | J16: Afecta la ejecución del contrato sin alterar el beneficio de las partes. | K16: Obstruye la ejecución del contrato sustancialmente per aun así permite la consecución del objeto contractual. | L16: Perturba la ejecución del contrato de manera grave imposibilitando la consecución del objeto contractual. | O16: Clasificación Monetaria | Q16: Los sobrecostos no representan mpas del uno por ciento (1%) del valor del contrato. | R16: Los sobrecostos no representan más del cinco por ciento (5%) del valor del contrato. | S16: Genera un impacto sobre el valor del contrato entre el cinco (5%) y el quince por ciento (15%). | T16: Incrementa el valor del contrato entre el quince (15%) y el treinta por ciento (30%). | U16: Impacto sobre el valor del contrato de más del treinta por ciento (30%). | X16: 8,9,10 | Y16: Riesgo Extremo
C17: Improbable (puede ocurrir ocasionalmente) | D17: 2 | F17: Clasificación Monetaria | H17: Los sobrecostos no representan mpas del uno por ciento (1%) del valor del contrato. | I17: Los sobrecostos no representan más del cinco por ciento (5%) del valor del contrato. | J17: Genera un impacto sobre el valor del contrato entre el cinco (5%) y el quince por ciento (15%). | K17: Incrementa el valor del contrato entre el quince (15%) y el treinta por ciento (30%). | L17: Impacto sobre el valor del contrato de más del treinta por ciento (30%). | O17: Categoría | P17: Valoración | Q17: Insignificante | R17: Menor | S17: Moderado | T17: Mayor | U17: Catastrófico | X17: 6 Y 7 | Y17: Riesgo Alto
C18: Posible (puede ocurrir en cualquier momento futuro) | D18: 3 | F18: Categoría | G18: Valoración | H18: Insignificante | I18: Menor | J18: Moderado | K18: Mayor | L18: Catastrófico | Q18: 1 | R18: 2 | S18: 3 | T18: 4 | U18: 5 | X18: 5 | Y18: Riesgo Medio
C19: Probable (probablemente va a ocurrir) | D19: 4 | H19: 1 | I19: 2 | J19: 3 | K19: 4 | L19: 5 | N19: Probabilidad | O19: Raro (puede ocurrir excepcionalmente) | P19: 1 | Q19: 2 | R19: 3 | S19: 4 | T19: 5 | U19: 6 | X19: 2,3 Y 4 | Y19: Riesgo Bajo
C20: Casi cierto (ocurre en la mayoría de circunstancias) | D20: 5 | O20: Improbable (puede ocurrir ocasionalmente) | P20: 2 | Q20: 3 | R20: 4 | S20: 5 | T20: 6 | U20: 7
O21: Posible (puede ocurrir en cualquier momento futuro) | P21: 3 | Q21: 4 | R21: 5 | S21: 6 | T21: 7 | U21: 8 | X21: ¿Afecta la ejecución del contrato? | Y21: Responsable por implementar el tratamiento
B22: Fuente: Agencia Nacional para la Contratación Pública – Colombia Compra Eficiente, http://www.colombiacompra.gov.co/es/manuales-y-documentos-tipo, disponible en internet, fecha de consulta 23 de enero de 2016. | O22: Probable (probablemente va a ocurrir) | P22: 4 | Q22: 5 | R22: 6 | S22: 7 | T22: 8 | U22: 9 | X22: Sí | Y22: ICBF
O23: Casi cierto (ocurre en la mayoría de circunstancias) | P23: 5 | Q23: 6 | R23: 7 | S23: 8 | T23: 9 | U23: 10 | X23: No | Y23: Contratista
X24: ICBF y Contratista
C26: CLASE | D26: FUENTE | F26: PROBABILIDAD | G26: IMPACTO | H26: ¿A quién se le asigna?
C27: General | D27: Interno | F27: 1=Raro | G27: 1= Insignificante | H27: ICBF
C28: Específico | D28: Externo | F28: 2=Improbable | G28: 2= Menor | H28: Contratista
F29: 3=Posible | G29: 3= Moderado
F30: 4=Probable | G30: 4= Mayor
F31: 5=Casi cierto | G31: 5= Catastrófico
C33: ETAPA | D33: TIPO
C34: Planeación | D34: Riesgos Económicos
C35: Selección | D35: Riesgos Sociales o Políticos
C36: Contratación | D36: Riesgos Operacionales
C37: Ejecución | D37: Riesgos Financieros
D38: Riesgos Regulatorios
D39: Riesgos de la Naturaleza
D40: Riesgos Ambientales
D41: Riesgos Tecnológicos
